 Dungeon Crawl Stone Soup version 0.18.1-48-g4cf74bf (webtiles) character file.

590 tyranidshit the Skirmisher (level 7, -3/66 HPs)
             Began as a Deep Dwarf Necromancer on July 12, 2016.
             Was a Follower of Makhleb.
             Slain by an ogre
             ... wielding a cursed -2 giant club
              (16 damage)
             ... on level 5 of the Dungeon.
             The game lasted 00:21:35 (3703 turns).

tyranidshit the Skirmisher (Deep Dwarf Necromancer) Turns: 3703, Time: 00:21:35

Health: -3/66      AC:  8    Str: 11      XL:     7   Next: 15%
Magic:  5/12       EV:  9    Int: 18      God:    Makhleb [*.....]
Gold:   234        SH:  0    Dex: 12 (13) Spells: 2 memorised, 11 levels left

rFire  + . .     SeeInvis .     j - +1 flail
rCold  . . .     Gourm    .     o - +2 scale mail {rF+}
rNeg   . . .     Faith    .     (no shield)
rPois  +         Spirit   .     (no helmet)
rElec  .         Dismiss  .     (no cloak)
rCorr  +         Reflect  .     (no gloves)
SustAt .         Harm     .     (no boots)
MR     +....                    (no amulet)
Stlth  +.........               s - ring of poison resistance
                                i - ring of resist corrosion

@: very slightly contaminated, non-regenerating, somewhat resistant to hostile
enchantments, very unstealthy
A: damage resistance, recharge devices, sense surroundings 1, slow regeneration
3
a: Device Recharging, Renounce Religion


You were on level 5 of the Dungeon.
You worshipped Makhleb.
Makhleb was aware of your devotion.
You were very hungry.

You visited 1 branch of the dungeon, and saw 5 of its levels.

You collected 234 gold pieces.

Inventory:

Hand Weapons
 e - a +3 dagger
 g - a -1 dagger
 j - a +1 flail (weapon)
Missiles
 f - 24 poisoned needles
Armour
 a - a +0 robe
 k - a +0 robe
 o - a +2 scale mail of fire resistance (worn)
Jewellery
 i - a ring of resist corrosion (left hand)
 s - a ring of poison resistance (right hand)
Wands
 c - a wand of heal wounds (3/9)
 q - a wand of random effects (28/48)
Scrolls
 d - a scroll of remove curse
 l - a scroll of magic mapping
 t - a scroll of identify
Potions
 m - a potion of magic
 n - a potion of curing
 p - 2 potions of heal wounds
Books
 b - a book of Necromancy

   Spells                             Type                      Level
   a - Pain                           Necromancy                   1
   b - Animate Skeleton               Necromancy                   1
   c - Vampiric Draining              Necromancy                   3
   d - Regeneration                   Charms/Necromancy            3
   e - Animate Dead                   Necromancy                   4
   f - Control Undead                 Necromancy                   4
Comestibles
 h - 3 meat rations
 r - a beef jerky
 u - a bread ration


   Skills:
 + Level 4.9 Fighting
 - Level 2.1 Dodging
 - Level 2.4 Stealth
 + Level 4.7 Spellcasting
 - Level 4.3 Necromancy


You had 11 spell levels left.
You knew the following spells:

 Your Spells              Type           Power        Failure   Level  Hunger
a - Pain                  Necr           ###.         14%         1    None
b - Vampiric Draining     Necr           ###.......   43%         3    ###....


Dungeon Overview and Level Annotations

Branches:
Dungeon (5/15)
 Temple: D:4-7

Altars:
Makhleb
Yredelemnul
Zin

Annotations:
D:4 Menkaure


Innate Abilities, Weirdness & Mutations

You are resistant to damage.
You can recharge devices by infusing magical energy.
You passively map a small area around you.
You do not regenerate naturally.


Message History

There is a stone staircase leading up here.
Casting: Pain
Confirm with . or Enter, or press ? or * to list all spells.
Aiming: Vampiric Draining
Press: ? - help, Shift-Dir - straight line, f - gnoll
Aim: a gnoll, wielding a halberd of protection (moderately wounded)
The gnoll is almost dead.
You feel life coursing into your body. The ogre completely misses you.
The gnoll hits you with a halberd of protection!
* * * LOW HITPOINT WARNING * * *
Casting: Vampiric Draining
Confirm with . or Enter, or press ? or * to list all spells.
Aiming: Vampiric Draining
Press: ? - help, Shift-Dir - straight line, f/p - gnoll
Aim: a gnoll, wielding a halberd of protection (almost dead)
You miscast Vampiric Draining.
You are very lightly contaminated with residual magic.
Pain shoots through your body. The gnoll closely misses you.
The ogre hits you with a giant club!!
You die...

*, #.#
######.######
* , *
#......>..>.#
* ,
#.####.####.#
* #.# #.# * *
, #.# #.# ,
###.# #.# ,
#...# #O# ,
#...# #@# ,
###.## #g# *
#...###.# ,
#..#..##.# ,
....###O...#
*,* #.###.
#..#### ,
##...## #.#.
#.### ,


You could see an ogre and a gnoll.

Vanquished Creatures
  Grinder (D:4)
  2 ogres (D:4)
  An orc wizard (D:4)
  Jessica (D:2)
  A hound skeleton (D:4)
  2 gnolls
  5 adders
  A shadow imp (D:5)
  An ooze (D:4)
  A worm (D:2)
  3 dart slugs
  4 giant geckos
  3 orcs (D:3)
  2 ball pythons
  3 giant cockroaches (D:1)
  10 goblins
  5 hobgoblins
  4 jackals (D:2)
  6 kobolds
  A quokka (D:2)
  9 bats
  2 giant newts
  8 rats
76 creatures vanquished.

Notes
Turn   | Place    | Note
--------------------------------------------------------------
     0 | D:1      | tyranidshit the Deep Dwarf Necromancer began the quest for the Orb.
     0 | D:1      | Reached XP level 1. HP: 15/15 MP: 3/3
   149 | D:1      | Reached skill level 1 in Fighting
   149 | D:1      | Reached XP level 2. HP: 25/25 MP: 0/5
   473 | D:1      | Reached XP level 3. HP: 31/31 MP: 0/6
   569 | D:1      | Learned a level 3 spell: Vampiric Draining
   746 | D:2      | Noticed Jessica
  1179 | D:2      | Found a glowing silver altar of Zin.
  1213 | D:2      | Killed Jessica
  1213 | D:2      | Reached XP level 4. HP: 27/40 MP: 0/8
  1366 | D:2      | HP: 2/40 [adder (2)]
  1968 | D:3      | Found a basalt altar of Yredelemnul.
  1968 | D:3      | Found a burning altar of Makhleb.
  1978 | D:3      | Became a worshipper of Makhleb the Destroyer
  2326 | D:3      | Reached XP level 5. HP: 35/49 MP: 7/9
  2532 | D:4      | Noticed Menkaure
  2651 | D:4      | HP: 1/49 [orc wizard/dagger (3)]
  2752 | D:4      | Noticed Grinder
  2788 | D:4      | Paralysed by Grinder for 5 turns
  2796 | D:4      | Paralysed by Grinder for 3 turns
  2823 | D:4      | Killed Grinder
  2823 | D:4      | Reached XP level 6. HP: 17/57 MP: 9/11
  3050 | D:5      | Entered Level 5 of the Dungeon
  3138 | D:5      | Reached * piety under Makhleb
  3450 | D:4      | Reached XP level 7. HP: 24/66 MP: 0/13
  3703 | D:5      | Slain by an ogre

Skill      XL: |  1  2  3  4  5 |
---------------+----------------+-----
Spellcasting   | 2 3 4 |  4.7
Fighting       | 1 2 3 4 |  4.9
Dodging        | |  2.1
Stealth        | |  2.4
Necromancy     | |  4.3

Action                   |  1- 3 |  4- 6 |  7- 9 || total
-------------------------+-------+-------+-------++-------
Melee: Dagger            |    71 |    97 |       ||   168
       Flail             |       |    55 |     8 ||    63
 Cast: Pain              |    48 |    40 |     3 ||    91
       Vampiric Draining |     9 |    27 |     1 ||    37
 Abil: Device Recharging |       |     1 |     1 ||     2
Evoke: Wand              |     2 |     9 |     2 ||    13
  Use: Scroll            |     3 |     5 |     1 ||     9
       Potion            |     3 |     3 |       ||     6
  Eat: Bread ration      |     1 |     2 |       ||     3
Armor: Robe              |    29 |    26 |       ||    55
       Scale mail        |       |    35 |       ||    35
Dodge: Dodged            |    83 |   147 |    10 ||   240
